 Dungeon Crawl Stone Soup version 0.30-a0-949-g53dc5368d7 (console) character file.

Game seed: 8310316152306099645

400 jejorda2 the Poker (level 6, -1/50 HPs)
             Began as a Merfolk Berserker on Mar 27, 2023.
             Was a Believer of Trog.
             Slain by an orc wizard
             ... wielding a +2 dagger of distortion
              (4 damage)
             ... on level 4 of the Dungeon.
             The game lasted 00:06:59 (3309 turns).

jejorda2 the Poker (Merfolk Berserker)              Turns: 3309, Time: 00:06:59

Health: -1/50      AC:  9    Str: 19    XL:     6   Next: 84%
Magic:  6/6        EV: 10    Int:  6    God:    Trog [**....]
Gold:   105        SH:  0    Dex: 14    Spells: 5/5 levels left

rFire   . . .      SeeInvis .    a - +0 spear
rCold   . . .      Faith    .    (no shield)
rNeg    . . .      Spirit   .    p - +0 scale mail
rPois   .          Reflect  .    (no helmet)
rElec   .          Rampage  .    r - +0 cloak
rCorr   .                        (no gloves)
Will    .....                    f - +0 pair of boots Stlth
                                 (no amulet)
HPRegen 0.28/turn                (no ring)
MPRegen 0.10/turn                (no ring)

@: on berserk cooldown, slowed, very slow
A: (nimble swimmer 2), mertail
a: Renounce Religion, Berserk, Trog's Hand


You were on level 4 of the Dungeon.
You worshipped Trog.
Trog was pleased with you.
You visited 1 branch of the dungeon, and saw 4 of its levels.

You collected 141 gold pieces.
You spent 36 gold pieces at shops.

Inventory:

Hand Weapons
 a - a +0 spear (weapon)
Missiles
 b - 5 javelins
 k - 6 boomerangs
 q - 6 atropa-tipped darts
 s - 22 stones (quivered)
 x - 11 poisoned darts
Armour
 f - a +0 pair of boots (worn)
 p - a +0 scale mail (worn)
 r - a +0 cloak (worn)
Jewellery
 c - an amulet of regeneration
Scrolls
 e - a scroll of fog {unknown}
 h - 3 scrolls of identify {unknown}
 i - a scroll of poison {unknown}
 l - 2 scrolls of amnesia {unknown}
 m - a scroll of enchant weapon {unknown}
 t - 2 scrolls of teleportation
 u - a scroll of fear {unknown}
 v - a scroll of enchant armour {unknown}
 y - a scroll of vulnerability {unknown}
Potions
 d - a potion of attraction {unknown}
 g - a potion of invisibility
 j - 4 potions of curing {unknown}
 n - a potion of flight {unknown}
 o - 2 potions of haste {unknown}
 w - a potion of might {unknown}
 z - a potion of berserk rage {unknown}
 A - a potion of degeneration {unknown}


   Skills:
 + Level 4.9 Fighting
 * Level 7.5 Polearms
 + Level 2.8 Armour
 - Level 2.6 Dodging


You had 5 spell levels left.
You didn't know any spells.
Your spell library was empty.

Dungeon Overview and Level Annotations

Branches:
Dungeon (4/15)
 Temple: D:4-7

Altars:
Fedhas
Ru
Wu Jian
Xom

Shops:
D:1 !   D:2 *   D:3 :


Innate Abilities, Weirdness & Mutations

((You are very nimble when in or above water. (Stealth+, EV+, Speed+++)))
Your lower body shifts to a powerful aquatic tail in water.


Message History

You kill the ball python!
Trog accepts your kill.
The orc priest looks encouraged for a moment.
Something hits you.
You blink.
Okay, then.
The orc priest calls down the wrath of Beogh upon you.
Beogh smites you!
A red film seems to cover your vision as you go berserk!
You feel yourself moving faster!
You feel mighty! Something hits you. Space warps around you.
You miss something. You closely miss something.
The orc priest invokes the aid of Beogh against you.
Beogh smites you! Something hits you but does no damage.
Space warps horribly around you!
You puncture something!
You feel the effects of Trog's Hand fading.
You hear some strange, mumbled words.
A puff of flame appears from out of thin air!
The puff of flame hits you.
* * * LOW HITPOINT WARNING * * *
You barely miss something. You closely miss something.
Something hits you but does no damage.
You blink.
You feel a strong urge to attack something.
The orc priest looks satisfied for a moment.
You feel your anger nearly subside.
You are no longer berserk.
You are exhausted.
You feel yourself slow down.
You hit something.
The orc priest invokes the aid of Beogh against you.
Beogh smites you!
* * * LOW HITPOINT WARNING * * *
Something hits you but does no damage.
The orc priest casts a cantrip, but nothing happens.
You barely miss something.
Your skin stops crawling.
You feel less strong-willed. Something hits you but does no damage.
Space warps horribly around you!
* * * LOW HITPOINT WARNING * * *
You closely miss something. Something hits you.
You die...

#......######.# ..#
##..........#.###...#
#####)####.........#
#..............#
##)#####.# #.# #.#
#.# #.# ###.# #.#
#...# #@# #.### #{#
#.# #o# #.# #o# #.#
#####.# #.###...#o#
#._.....#.#
#####...#.# #
##.##.####.####


You could see 2 orc priests and an orc.

Vanquished Creatures
  Menkaure (D:4)
  An ogre (D:4)
  A jelly (D:4)
  Terence (D:2)
  An iguana (D:4)
  3 gnolls (D:2)
  2 adders
  2 dart slugs
  An orc (D:3)
  6 bats
  8 endoplasms
  3 giant cockroaches
  8 goblins
  9 hobgoblins
  4 jackals (D:4)
  8 kobolds
  3 quokkas
  6 ball pythons
  2 frilled lizards
  7 rats
77 creatures vanquished.

Notes
Turn   | Place    | Note
-------+----------+-------------------------------------------
     0 | D:1      | jejorda2 the Merfolk Berserker began the quest for the Orb.
     0 | D:1      | Reached XP level 1. HP: 18/18 MP: 1/1
    88 | D:1      | Found Vuinapnu's Distillery.
   214 | D:1      | Reached XP level 2. HP: 23/24 MP: 2/2
   787 | D:1      | Reached XP level 3. HP: 29/29 MP: 3/3
  1111 | D:1      | Found a faded altar of an unknown god.
  1172 | D:2      | Noticed Terence
  1183 | D:2      | Killed Terence
  1184 | D:2      | Reached skill level 5 in Polearms
  1278 | D:2      | Reached XP level 4. HP: 37/37 MP: 4/4
  1343 | D:2      | Reached ** piety under Trog
  1584 | D:2      | Found Raoniar's General Store.
  1595 | D:2      | Bought a scroll of teleportation for 36 gold pieces
  1626 | D:2      | Found a shimmering altar of Xom.
  1723 | D:2      | Reached XP level 5. HP: 42/42 MP: 5/5
  1846 | D:2      | Reached skill level 6 in Polearms
  1956 | D:3      | Found Dusof's Book Shop.
  2299 | D:3      | Found a blossoming altar of Fedhas.
  2627 | D:3      | Found a sacrificial altar of Ru.
  2984 | D:4      | Noticed Menkaure
  2991 | D:4      | Killed Menkaure
  2992 | D:4      | Reached XP level 6. HP: 39/49 MP: 6/6
  2996 | D:4      | Reached skill level 7 in Polearms
  3262 | D:4      | Found an ornate altar of the Wu Jian Council.
  3309 | D:4      | Slain by an orc wizard

Illustrated notes

Levels and vault maps discovered:
D:1:      minmay_arrival_four_loops, layout_basic, serial_shops,
          nicolae_shop_advertising_works [nicolae_subvault_shop_adworks],
          hellmonk_ecumenical_altar_inner_sanctum
D:2:      layout_rooms, basic_altar, serial_shops,
          nicolae_shop_competitors_out_of_business, minmay_small_reverse_x,
          uniq_terence
D:3:      layout_loops_corners, lemuel_coloured_pillars_altar,
          pf_just_have_faith, serial_shops, nicolae_shop_stone,
          minmay_misc_feat_ornament
D:4:      layout_loops_ring, overflow_temple_1_default, uniq_menkaure

Skill      XL: |  1  2  3  4  5  6 |
---------------+-------------------+-----
Polearms       | 5 6 7 |  7.5
Armour         | 2 |  2.8
Fighting       | 4 |  4.9
Dodging        | |  2.6

Action                     |  1- 3 |  4- 6 || total
---------------------------+-------+-------++-------
  Melee: Spear             |    89 |   168 ||   257
         Punch             |       |     1 ||     1
  Throw: Stone             |     2 |     9 ||    11
         Javelin           |       |     2 ||     2
 Invoke: Berserk           |     1 |     4 ||     5
         Trog's Hand       |       |     1 ||     1
   Stab: Sleeping          |     2 |       ||     2
 Armour: Animal skin       |    13 |       ||    13
         Leather armour    |     3 |     3 ||     6
         Scale mail        |       |    30 ||    30
  Dodge: Dodged            |    26 |    49 ||    75

Table legend: (Time is in decaauts)
 A = Elapsed time spent in this place.
 B = Non-inter-level travel time spent in this place.
 C = Inter-level travel time spent in this place.
 D = Time resting spent in this place.
 E = Time spent auto-exploring this place.
 F = Levels seen in this place.
 G = Mean time per level.
                   A        B        C        D        E       F      G
               +--------+--------+--------+--------+--------+-----+--------+
         Total |   3293 |   3084 |    209 |    203 |   2309 |   4 |  823.2 |
       Dungeon |   3293 |   3084 |    209 |    203 |   2309 |   4 |  823.2 |
               +--------+--------+--------+--------+--------+-----+--------+

Top non-repeatable levels by time:
     D:1: 1248 daAuts
     D:3: 971 daAuts
     D:2: 688 daAuts
     D:4: 385 daAuts
